AoeStats
← Tomachela

Lombardia

508767471Analyzed
3v3 RM · 9d ago on Sep 24, 2026· 54m 1s· 6 players
Game mode
Random Map
Map size
Normal (6 player)
Population
200
Speed
Normal
Resources
Standard
Victory
Conquest
Starting age
Dark Age
Ending age
Imperial Age
RankedLock teamsTeams togetherTeam positionsShared explorationLock speedFull tech treeHidden civsTurbo modeCheats
Victory
Defeat
🇹🇷 Turks · Türkiye
1080
+14
🇭🇰 Persians · Hong Kong SAR China
989
+17
🇲🇽 Spanish · Mexico
972
+18
🇨🇱 Franks · Chile
1074
-19
🇨🇱 Varangians · Chile
1009
-16
🇨🇱 Franks · Chile
976
-14
Ideafix
4:20 Loom
9:51 Feudal Age
10:27 Double-Bit Axe
19:38 Castle Age
18:01 Forging
17:57 Scale Barding Armor
17:56 Gold Mining
21:03 Iron Casting
24:04 Husbandry
27:45 Stone Mining
28:33 Gold Shaft Mining
29:07 Pikeman
31:44 Padded Archer Armor
31:34 Fletching
32:55 Bodkin Arrow
33:16 Leather Archer Armor
34:42 Elite Skirmisher
37:58 Imperial Age
36:06 Wheelbarrow
39:44 Hand Cart
43:56 Bow Saw
44:06 Cavalier
45:47 Chain Barding Armor
46:40 Conscription
47:38 Scale Mail Armor
49:49 Halberdier
51:05 Squires
50:51 Gambesons
51:49 Arson
54:05 Chain Mail Armor
Pollo
8:18 Loom
11:29 Feudal Age
13:03 Horse Collar
13:49 Bloodlines
22:20 Castle Age
20:18 Double-Bit Axe
21:05 Forging
21:00 Scale Mail Armor
22:27 Pikeman
24:05 Chain Mail Armor
24:26 Iron Casting
25:39 Squires
26:09 Gambesons
26:53 Bow Saw
29:09 Arson
31:04 Padded Archer Armor
30:55 Fletching
32:07 Leather Archer Armor
33:33 Elite Skirmisher
34:11 Bodkin Arrow
35:10 Town Watch
37:09 Wheelbarrow
40:54 Imperial Age
41:30 Hand Cart
42:24 Conscription
43:11 Scale Barding Armor
43:44 Heavy Plow
43:50 Town Patrol
44:32 Gothikon
46:22 Ring Archer Armor
46:23 Plate Mail Armor
47:37 Halberdier
47:39 Elite Varangian Guard
51:46 Blast Furnace
54:13 Ballistics
Tomachela
6:53 Loom
10:26 Feudal Age
12:31 Double-Bit Axe
18:05 Castle Age
18:28 Scale Barding Armor
18:33 Forging
19:15 Gold Mining
19:15 Stone Mining
23:56 Husbandry
27:49 Pikeman
28:34 Scale Mail Armor
34:05 Chain Barding Armor
39:34 Murder Holes
44:20 Elite Skirmisher
48:05 Imperial Age
48:13 Imperial Age
48:06 Iron Casting
Rageneranxes
10:55 Feudal Age
15:56 Forging
18:14 Horse Collar
22:05 Castle Age
20:38 Double-Bit Axe
22:42 Pikeman
25:10 Heavy Plow
32:16 Wheelbarrow
32:08 Loom
36:08 Hand Cart
37:55 Fletching
41:44 Imperial Age
41:14 Scale Barding Armor
41:46 Iron Casting
41:54 Cavalier
42:38 Husbandry
42:49 Bloodlines
44:03 Paladin
49:39 Gold Mining
49:43 Stone Mining
49:31 Capped Ram
51:50 Blast Furnace
52:01 Caravan
55:18 Chemistry
54:14 Murder Holes
53:49 Siege Ram
ZC_39
0:32 Loom
12:31 Feudal Age
13:56 Horse Collar
14:03 Double-Bit Axe
17:51 Castle Age
18:38 Bow Saw
18:31 Heavy Plow
21:20 Wheelbarrow
23:49 Squires
25:11 Forging
26:47 Scale Mail Armor
26:42 Pikeman
34:18 Hand Cart
34:33 Murder Holes
35:02 Ballistics
34:54 Arson
38:39 Imperial Age
37:12 Iron Casting
36:43 Scale Barding Armor
37:43 Masonry
37:27 Gold Mining
37:27 Stone Mining
37:48 Husbandry
37:59 Bloodlines
37:10 Light Cavalry
39:56 Blast Furnace
39:17 Chain Barding Armor
39:36 Gold Shaft Mining
40:07 Two-Man Saw
39:46 Crop Rotation
39:47 Guilds
39:07 Cavalier
39:50 Halberdier
41:22 Stone Shaft Mining
40:55 Savar
42:27 Plate Barding Armor
42:47 Conscription
42:46 Gambesons
43:57 Architecture
44:30 Chemistry
44:11 Chain Mail Armor
45:18 Caravan
45:41 Town Watch
47:29 Plate Mail Armor
47:00 Padded Archer Armor
46:53 Fletching
52:32 Town Patrol
53:26 Citadels
Black Death
1:43 Loom
11:50 Feudal Age
12:25 Double-Bit Axe
12:23 Horse Collar
18:41 Scale Barding Armor
19:08 Forging
20:07 Gold Mining
21:47 Stone Mining
24:52 Castle Age
24:17 Bloodlines
27:00 Wheelbarrow
31:03 Bow Saw
31:47 Heavy Plow
32:46 Gold Shaft Mining
36:38 Hand Cart
36:09 Town Watch
39:44 Imperial Age
40:01 Padded Archer Armor
40:22 Chain Barding Armor
40:38 Iron Casting
42:15 Leather Archer Armor
43:45 Plate Barding Armor
43:03 Heavy Camel Rider
43:43 Husbandry
43:37 Elite Janissary
44:38 Conscription
44:54 Hoardings
45:14 Ring Archer Armor
45:45 Blast Furnace
45:51 Masonry
45:36 Murder Holes
46:03 Bombard Tower
Connection lost

Rejoining the realm…

Still unreachable

The connection could not be restored.

Session expired

The server has moved on; the page needs a fresh start.